TOP OF THE 1ST |
Charlotte Knights batting - Pitching for Durham Bulls : LHP T.J. Epley
|
Pitching: LHP T.J. Epley
|
|
Batting: RHB Harvey Harvey
|
0-0: Called Strike 0-1: Foul Ball, location: 2F 0-2: Ball 1-2: SINGLE (Groundball, 6MD, EV 99.4 MPH)
|
Batting: RHB Jeff Brower
|
0-0: Ball 1-0: Ball 2-0: Ball 3-0: Base on Balls Harvey Harvey to second
|
Batting: RHB Darwin Mills
|
0-0: Ball 1-0: Ball 2-0: Called Strike 2-1: Foul Ball, location: 2F 2-2: Strikes out swinging
|
Batting: RHB Will Washburn
|
0-0: Called Strike 0-1: Ball 1-1: Foul Ball, location: 2F 1-2: Fly out, F7 (Flyball, 7LD, EV 99.4 MPH)
|
Batting: RHB Jeff Cox
|
0-0: Ball 1-0: Ground out 5-3 (Groundball, 5S, EV 67.5 MPH)
|
Top of the 1st over - 0 runs, 1 hit, 0 errors, 2 left on base; Charlotte 0 - Durham 0 |
BOTTOM OF THE 1ST |
Durham Bulls batting - Pitching for Charlotte Knights : RHP Xenophon Valvis
|
Pitching: RHP Xenophon Valvis
|
|
Batting: LHB Angel Ruvalcaba
|
0-0: Ball 1-0: Ground out 4-3 (Groundball, 4, EV 106.3 MPH)
|
Batting: RHB Justin Stone
|
0-0: Called Strike 0-1: Foul Ball, location: 2F 0-2: Ball 1-2: SOLO HOME RUN (Flyball, 9LD, EV 95.0 MPH), Distance : 346 ft
|
Batting: RHB Eugênio Asceno
|
0-0: Ball 1-0: Ball 2-0: Called Strike 2-1: Foul Ball, location: 2F 2-2: Ball 3-2: Ground out 6-3 (Groundball, 6, EV 78.8 MPH)
|
Batting: SHB Ben Pierce
|
0-0: Ball 1-0: Fly out, F5 (Flyball, 5D, EV 91.3 MPH)
|
Bottom of the 1st over - 1 run, 1 hit, 0 errors, 0 left on base; Charlotte 0 - Durham 1 |
TOP OF THE 2ND |
Charlotte Knights batting - Pitching for Durham Bulls : LHP T.J. Epley
|
Batting: LHB Hirakito Herring
|
0-0: Called Strike 0-1: Fly out, F5 (Popup, 5F, EV 70.0 MPH)
|
Batting: RHB Casey Quinones
|
0-0: Foul Ball, location: 2F 0-1: Called Strike 0-2: Ball 1-2: Ball 2-2: Strikes out swinging
|
Batting: LHB Sonny Flood
|
0-0: Foul Ball, location: 2F 0-1: Ground out 4-3 (Groundball, 4, EV 90.6 MPH)
|
Top of the 2nd over - 0 runs, 0 hits, 0 errors, 0 left on base; Charlotte 0 - Durham 1 |
BOTTOM OF THE 2ND |
Durham Bulls batting - Pitching for Charlotte Knights : RHP Xenophon Valvis
|
Batting: RHB Kevin Kush
|
0-0: Called Strike 0-1: Ball 1-1: Ground out U3 (Groundball, 3L, EV 104.4 MPH)
|
Batting: SHB Jose Vargas
|
0-0: Ground out 6-3 (Groundball, 6, EV 110.6 MPH)
|
Batting: LHB Brian Hollinger
|
0-0: Ball 1-0: Foul Ball, location: 2F 1-1: Ground out U3 (Groundball, 23, EV 84.4 MPH)
|
Bottom of the 2nd over - 0 runs, 0 hits, 0 errors, 0 left on base; Charlotte 0 - Durham 1 |
TOP OF THE 3RD |
Charlotte Knights batting - Pitching for Durham Bulls : LHP T.J. Epley
|
Batting: LHB Brian Dickeson
|
0-0: Ball 1-0: Ball 2-0: Called Strike 2-1: Ball 3-1: Foul Ball, location: 2F 3-2: Base on Balls
|
Batting: RHB Harvey Harvey
|
0-0: Called Strike 0-1: Ball 1-1: Foul Ball, location: 2F 1-2: Ball 2-2: Foul Ball, location: 2F 2-2: Ball 3-2: Grounds into double play, 5-4-3 (Groundball, 5S, EV 87.5 MPH)
|
Batting: RHB Jeff Brower
|
0-0: Swinging Strike 0-1: Foul Ball, location: 2F 0-2: Ball 1-2: Ball 2-2: Ground out 5-3 (Groundball, 56, EV 106.3 MPH)
|
Top of the 3rd over - 0 runs, 0 hits, 0 errors, 0 left on base; Charlotte 0 - Durham 1 |
BOTTOM OF THE 3RD |
Durham Bulls batting - Pitching for Charlotte Knights : RHP Xenophon Valvis
|
Batting: RHB Shinji Aizawa
|
0-0: Ball 1-0: Ball 2-0: Ball 3-0: Called Strike 3-1: SINGLE (Line Drive, 6D, EV 98.1 MPH)
|
Batting: LHB Danny Hull
|
0-0: Ball 1-0: Ball 2-0: Called Strike 2-1: Ball 3-1: Swinging Strike 3-2: Strikes out swinging
|
Batting: LHB Angel Ruvalcaba
|
0-0: Called Strike 0-1: Ball 1-1: Swinging Strike 1-2: Foul Ball, location: 2F 1-2: Ball 2-2: Fly out, F9 (Flyball, 9S, EV 83.8 MPH)
|
Batting: RHB Justin Stone
|
0-0: Ball 1-0: Called Strike 1-1: SINGLE (Groundball, 56D, EV 99.4 MPH) Shinji Aizawa to second
|
Batting: RHB Eugênio Asceno
|
0-0: Called Strike 0-1: Ball 1-1: Ball 2-1: SINGLE (Groundball, 6MD, EV 98.8 MPH) Shinji Aizawa to third Justin Stone to second Runner from 3rd tries for Home, SAFE, throw by CF to home
|
Batting: SHB Ben Pierce
|
0-0: Called Strike 0-1: Ball 1-1: Called Strike 1-2: Strikes out looking
|
Bottom of the 3rd over - 1 run, 3 hits, 0 errors, 2 left on base; Charlotte 0 - Durham 2 |
TOP OF THE 4TH |
Charlotte Knights batting - Pitching for Durham Bulls : LHP T.J. Epley
|
Batting: RHB Darwin Mills
|
0-0: Called Strike 0-1: Called Strike 0-2: Ball 1-2: Foul Ball, location: 2F 1-2: DOUBLE (Line Drive, 9LS, EV 112.5 MPH)
|
Batting: RHB Will Washburn
|
0-0: Foul Ball, location: 2F 0-1: Ball 1-1: Fly out, F8 (Flyball, 8LD, EV 96.9 MPH)
|
Batting: RHB Jeff Cox
|
0-0: Fly out, F9 (Flyball, 89M, EV 73.1 MPH)
|
Batting: LHB Hirakito Herring
|
0-0: Ball 1-0: Ground out 4-3 (Groundball, 4, EV 80.6 MPH)
|
Top of the 4th over - 0 runs, 1 hit, 0 errors, 1 left on base; Charlotte 0 - Durham 2 |
BOTTOM OF THE 4TH |
Durham Bulls batting - Pitching for Charlotte Knights : RHP Xenophon Valvis
|
Batting: RHB Kevin Kush
|
0-0: Called Strike 0-1: Ball 1-1: Ball 2-1: Ball 3-1: Fly out, F2 (Popup, 3SF, EV 85.0 MPH)
|
Batting: SHB Jose Vargas
|
0-0: SINGLE (Groundball, P, EV 84.4 MPH) (infield hit)
|
Batting: LHB Brian Hollinger
|
0-0: Foul Ball, location: 2F 0-1: Ball 1-1: Hit by Pitch Jose Vargas to second
|
Batting: RHB Shinji Aizawa
|
0-0: Ball 1-0: Called Strike 1-1: Ball 2-1: Ball 3-1: Foul Ball, location: 2F 3-2: Foul Ball, location: 2F 3-2: Base on Balls Jose Vargas to third Brian Hollinger to second
|
Batting: LHB Danny Hull
|
0-0: SINGLE (Line Drive, 7S, EV 98.1 MPH) Jose Vargas scores Brian Hollinger to third Shinji Aizawa to second
|
Batting: LHB Angel Ruvalcaba
|
0-0: TRIPLE (Line Drive, 78XD, EV 111.3 MPH) Brian Hollinger scores Shinji Aizawa scores Danny Hull scores
|
Pitching: RHP Jeff Wemp
|
|
Batting: RHB Justin Stone
|
0-0: Ball 1-0: Called Strike 1-1: Ball 2-1: Ball 3-1: Base on Balls
|
Batting: RHB Eugênio Asceno
|
0-0: Ball Wild Pitch! Angel Ruvalcaba scores Justin Stone to second 1-0: SINGLE (Line Drive, 5D, EV 99.4 MPH) Justin Stone to third
|
Batting: SHB Ben Pierce
|
0-0: Ball 1-0: Called Strike 1-1: Ball 2-1: Fly out, F8 (Flyball, 8RXD, EV 83.8 MPH) Runner from 3rd tags up, SCORES, no throw by CF
|
Batting: RHB Kevin Kush
|
0-0: Fly out, F8 (Flyball, 89XD, EV 100.0 MPH)
|
Bottom of the 4th over - 6 runs, 4 hits, 0 errors, 1 left on base; Charlotte 0 - Durham 8 |
TOP OF THE 5TH |
Charlotte Knights batting - Pitching for Durham Bulls : LHP T.J. Epley
|
Batting: RHB Casey Quinones
|
0-0: Foul Ball, location: 2F 0-1: Hit by Pitch
|
Batting: LHB Sonny Flood
|
0-0: Foul Ball, location: 2F 0-1: Ball 1-1: 2-RUN HOME RUN (Flyball, 9D, EV 96.3 MPH), Distance : 371 ft
|
Batting: LHB Brian Dickeson
|
0-0: Ball 1-0: Fly out, F9 (Flyball, 9LS, EV 88.1 MPH)
|
Batting: RHB Harvey Harvey
|
0-0: Ball 1-0: Foul Ball, location: 2F 1-1: Ball 2-1: Foul Ball, location: 2F 2-2: Strikes out swinging
|
Batting: RHB Jeff Brower
|
0-0: Foul Ball, location: 2F 0-1: Called Strike 0-2: Ball 1-2: Strikes out swinging
|
Top of the 5th over - 2 runs, 1 hit, 0 errors, 0 left on base; Charlotte 2 - Durham 8 |
BOTTOM OF THE 5TH |
Durham Bulls batting - Pitching for Charlotte Knights : RHP Jeff Wemp
|
Batting: SHB Jose Vargas
|
0-0: SINGLE (Line Drive, 7S, EV 85.0 MPH)
|
Batting: LHB Brian Hollinger
|
0-0: Fly out, F8 (Flyball, 8RD, EV 100.6 MPH)
|
Batting: RHB Shinji Aizawa
|
0-0: Ball 1-0: Grounds into double play, 6-4-3 (Groundball, 6, EV 87.5 MPH)
|
Bottom of the 5th over - 0 runs, 1 hit, 0 errors, 0 left on base; Charlotte 2 - Durham 8 |
TOP OF THE 6TH |
Charlotte Knights batting - Pitching for Durham Bulls : LHP T.J. Epley
|
Batting: RHB Darwin Mills
|
0-0: Foul Ball, location: 2F 0-1: Ground out 4-3 (Groundball, 4, EV 85.6 MPH)
|
Batting: RHB Will Washburn
|
0-0: Ball 1-0: Foul Ball, location: 2F 1-1: Fly out, F3 (Popup, 34, EV 75.0 MPH)
|
Batting: RHB Jeff Cox
|
0-0: Ball 1-0: Ball 2-0: Called Strike 2-1: SINGLE (Line Drive, 9LS, EV 96.9 MPH)
|
Batting: LHB Hirakito Herring
|
0-0: SINGLE (Line Drive, 8LS, EV 108.1 MPH) Jeff Cox to second
|
Batting: RHB Casey Quinones
|
0-0: Called Strike 0-1: Ball 1-1: Fly out, F8 (Flyball, 8RS, EV 90.6 MPH)
|
Top of the 6th over - 0 runs, 2 hits, 0 errors, 2 left on base; Charlotte 2 - Durham 8 |
BOTTOM OF THE 6TH |
Durham Bulls batting - Pitching for Charlotte Knights : RHP Jeff Wemp
|
Batting: LHB Danny Hull
|
0-0: Called Strike 0-1: Ball 1-1: SINGLE (Groundball, 56D, EV 95.0 MPH)
|
Batting: LHB Angel Ruvalcaba
|
0-0: Ball 1-0: Called Strike 1-1: Swinging Strike 1-2: Ball 2-2: Strikes out swinging
|
Batting: RHB Justin Stone
|
0-0: Bunt missed! 0-1: Bunted foul 0-2: Ball 1-2: Foul Ball, location: 2F 1-2: Bunt missed, Strikeout!
|
Batting: RHB Eugênio Asceno
|
0-0: Ground out U3 (Groundball, 3L, EV 86.3 MPH)
|
Bottom of the 6th over - 0 runs, 1 hit, 0 errors, 1 left on base; Charlotte 2 - Durham 8 |
TOP OF THE 7TH |
Charlotte Knights batting - Pitching for Durham Bulls : LHP T.J. Epley
|
Batting: LHB Sonny Flood
|
0-0: Swinging Strike 0-1: Called Strike 0-2: Strikes out looking
|
Batting: LHB Brian Dickeson
|
0-0: Ball 1-0: Swinging Strike 1-1: Ball 2-1: Foul Ball, location: 2F 2-2: Strikes out swinging
|
Batting: RHB Harvey Harvey
|
0-0: Ground out 6-3 (Groundball, 6M, EV 101.9 MPH)
|
Top of the 7th over - 0 runs, 0 hits, 0 errors, 0 left on base; Charlotte 2 - Durham 8 |
BOTTOM OF THE 7TH |
Durham Bulls batting - Pitching for Charlotte Knights : RHP Jeff Wemp
|
Batting: SHB Ben Pierce
|
0-0: Called Strike 0-1: Ball 1-1: Called Strike 1-2: Foul Ball, location: 2F 1-2: Ball 2-2: Ball 3-2: Base on Balls
|
Batting: RHB Kevin Kush
|
0-0: Ball 1-0: Foul Ball, location: 2F 1-1: Fielders Choice at 2nd, 4-6 (Groundball, 34, EV 88.1 MPH)
|
Batting: SHB Jose Vargas
|
0-0: Foul Ball, location: 2F 0-1: Ball 1-1: Foul Ball, location: 2F 1-2: Ball 2-2: Ball 3-2: Foul Ball, location: 2F 3-2: Ground out U3 (Groundball, 34, EV 83.1 MPH) Kevin Kush to second
|
Batting: LHB Brian Hollinger
|
0-0: Ball 1-0: Foul Ball, location: 2F 1-1: Ball 2-1: Swinging Strike 2-2: SINGLE (Line Drive, 56, EV 103.8 MPH) Kevin Kush to third Runner from 3rd tries for Home, SAFE, throw by LF to home
|
Pinch Hitting: RHB Jose Herrera
|
0-0: Swinging Strike 0-1: Reached on error, E5 (Groundball, 5, EV 100.6 MPH) Brian Hollinger to second
|
Pinch Hitting: RHB Dusty Camelli
|
0-0: Ball 1-0: Ground out 4-3 (Groundball, 4S, EV 80.0 MPH)
|
Bottom of the 7th over - 1 run, 1 hit, 1 error, 2 left on base; Charlotte 2 - Durham 9 |
TOP OF THE 8TH |
Charlotte Knights batting - Pitching for Durham Bulls : LHP T.J. Epley
|
Now at 3B: Jose Herrera
|
|
Now at SS: Dusty Camelli
|
|
Pinch Hitting: RHB Chris Baxter
|
0-0: Ball 1-0: Ball 2-0: Called Strike 2-1: SINGLE (Line Drive, 4M, EV 99.4 MPH)
|
Batting: RHB Darwin Mills
|
0-0: Swinging Strike 0-1: Grounds into double play, 4-6-3 (Groundball, 4, EV 104.4 MPH)
|
Batting: RHB Will Washburn
|
0-0: Ball 1-0: Called Strike 1-1: Foul Ball, location: 2F 1-2: Ball 2-2: Strikes out looking
|
Top of the 8th over - 0 runs, 1 hit, 0 errors, 0 left on base; Charlotte 2 - Durham 9 |
BOTTOM OF THE 8TH |
Durham Bulls batting - Pitching for Charlotte Knights : RHP Jeff Wemp
|
Pitching: RHP Jon Huizenga
|
|
Now at 1B: Chris Baxter
|
|
Pinch Hitting: LHB Jeremy Burton
|
0-0: Ball 1-0: Ball 2-0: Fly out, F8 (Flyball, 89D, EV 94.4 MPH)
|
Batting: RHB Justin Stone
|
0-0: Ball 1-0: Ball 2-0: Called Strike 2-1: SINGLE (Groundball, 56D, EV 108.1 MPH)
|
Batting: RHB Eugênio Asceno
|
0-0: Called Strike 0-1: Foul Ball, location: 2F 0-2: Foul Ball, location: 2F 0-2: Foul Ball, location: 2F 0-2: Ball 1-2: Foul Ball, location: 2F 1-2: Strikes out looking
|
Pinch Hitting: SHB Soudai Abe
|
0-0: Swinging Strike 0-1: Ball 1-1: Foul Ball, location: 2F 1-2: Foul Ball, location: 2F 1-2: Reached on error, E6 (Groundball, 6MS, EV 83.8 MPH) Justin Stone to third
|
Batting: RHB Kevin Kush
|
0-0: Ball 1-0: Called Strike 1-1: Swinging Strike 1-2: Strikes out swinging
|
Bottom of the 8th over - 0 runs, 1 hit, 1 error, 2 left on base; Charlotte 2 - Durham 9 |
TOP OF THE 9TH |
Charlotte Knights batting - Pitching for Durham Bulls : LHP T.J. Epley
|
Now at 1B: Giuliano Giacoletti
|
|
Now in CF: Jeremy Burton
|
|
Pinch Hitting: RHB Justin Harris
|
0-0: Called Strike 0-1: Ball 1-1: Foul Ball, location: 2F 1-2: Ball 2-2: Fly out, F6 (Line Drive, 6, EV 68.1 MPH)
|
Pitching: RHP Don Henley
|
|
Batting: LHB Hirakito Herring
|
0-0: Ball 1-0: Fly out, F8 (Flyball, 8RM, EV 86.3 MPH)
|
Batting: RHB Casey Quinones
|
0-0: Called Strike 0-1: Ball 1-1: Ball 2-1: Ball 3-1: Fly out, F1 (Line Drive, P, EV 67.5 MPH)
|
Top of the 9th over - 0 runs, 0 hits, 0 errors, 0 left on base; Charlotte 2 - Durham 9 |
|